[Event "Team 45 45 League T89"]
[Site "Internet Chess Club"]
[Date "2021.08.09"]
[Round "5"]
[White "kidcobra"]
[Black "primerpaso"]
[Result "0-1"]
[WhiteElo "1895"]
[BlackElo "1917"]
[Opening "Sicilian: closed, 2...Nc6"]
[ECO "B24"]
[Time "14:09:27"]
[TimeControl "2700+45"]

1. e4 c5 2. Nc3 Nc6 3. d3 g6 4. g3 Bg7 5. Bg2 e6 6. Be3 b6 7. Nge2 Nge7 8. Qd2
O-O 9. Bh6 d5 10. h4 Bxh6 11. Qxh6 f6 12. f4 Kh8 13. exd5 Nf5 14. Qxf8+ Qxf8 15.
dxc6 Ne3 16. Bf3 Nxc2+ 17. Kd2 Nxa1 18. c7 Ba6 19. Bxa8 Qxa8 20. Rxa1 Qc6 21.
Ne4 Qxc7 22. Rd1 f5 23. Ng5 Bb7 24. Nc3 h6 25. Nxe6 Qd6 26. Re1 c4 27. d4 Bd5
28. Nc7 Be4 29. N7b5 Qd7 30. Ke3 a6 31. Na3 b5 32. Nxe4 fxe4 33. Nc2 Qh3 34.
Kxe4 Qg2+ 35. Ke5 Qxc2 36. Kd6 Qxb2 37. d5 c3 38. g4 c2 39. Re8+ Kg7 40. Re7+
Kf8 41. Kd7 c1=Q 42. Re8+ Kg7 43. Re7+ Kg8 44. Re8+ Kh7 45. Re7+ Qg7 46. d6 Qxf4
47. Rxg7+ Kxg7 48. Kc6 Qc4+ 49. Kd7 Qxg4+ 50. Kc7 Qc4+ 51. Kd7 Qxa2 52. h5 gxh5
53. Ke7 Qf7+ 54. Kd8 b4 55. Kc8 b3 56. Kb8 b2 57. Ka8 Qd5+ 58. Kb8 b1=Q+ 59. Kc7
Qbb7+ 60. Kd8 Qg8# {White checkmated} 0-1

[Event "Team 45 45 League T89"]
[Site "Internet Chess Club"]
[Date "2021.08.07"]
[Round "5"]
[White "Gojira"]
[Black "ElValero"]
[Result "1/2-1/2"]
[WhiteElo "1551"]
[BlackElo "1621"]
[Opening "Queen's pawn game"]
[ECO "D00"]
[Time "07:03:42"]
[TimeControl "2700+45"]

1. d4 Nf6 2. Nc3 d5 3. Bf4 c5 4. e3 e6 5. Nb5 Na6 6. c3 Qb6 7. a4 Bd7 8. b3 Be7
9. Nf3 O-O 10. Ne5 Bxb5 11. Bxb5 cxd4 12. Qxd4 Bc5 13. Qd1 Nc7 14. Bd3 a5 15.
Bg5 Nce8 16. Bb5 Rd8 17. Ng4 Be7 18. Qf3 Qc7 19. Rc1 Nxg4 20. Bxe7 Ne5 21. Qg3
Qxe7 22. Qxe5 Qa3 23. Rb1 Nf6 24. O-O Rc8 25. c4 Rfd8 26. Rfd1 Qa2 27. h3 Qc2
28. Rdc1 Qd2 29. Rd1 Qc2 30. Rdc1 Qd2 31. Rd1 {Game drawn by mutual agreement}
1/2-1/2

[Event "Team 45 45 League T89"]
[Site "Internet Chess Club"]
[Date "2021.08.08"]
[Round "5"]
[White "Portola"]
[Black "noblitz-oblige"]
[Result "1/2-1/2"]
[WhiteElo "1703"]
[BlackElo "1542"]
[Opening "Queen's pawn game, Chigorin variation"]
[ECO "D02"]
[Time "08:38:53"]
[TimeControl "2700+45"]

1. d4 d5 2. Nf3 Nc6 3. c3 Nf6 4. Bg5 Bf5 5. Nbd2 e6 6. e3 a6 7. a4 Be7 8. Be2
O-O 9. O-O Rc8 10. b4 Ne4 11. Nxe4 Bxe4 12. Bf4 Bf6 13. Qd2 Re8 14. b5 axb5 15.
axb5 Ne7 16. Ra7 b6 17. Ne5 Bxe5 18. Bxe5 Ng6 19. Bg3 e5 20. Bg4 Ra8 21. Rxa8
Qxa8 22. f3 f5 23. Bh3 f4 24. exf4 exf4 25. Bf2 Qd8 26. fxe4 dxe4 27. Qa2+ Kh8
28. Bg4 Qg5 29. Qf7 Rf8 30. Qd7 f3 31. h4 Nxh4 32. g3 Ng2 33. Bh3 e3 34. Bxg2
fxg2 35. Kxg2 exf2 36. Rxf2 Rxf2+ 37. Kxf2 Qd2+ 38. Kf1 Qd1+ 39. Kg2 Qe2+ {Game
drawn by mutual agreement} 1/2-1/2

[Event "Team 45 45 League T89"]
[Site "Internet Chess Club"]
[Date "2021.08.07"]
[Round "5"]
[White "bobhill"]
[Black "KidRattler"]
[Result "1-0"]
[WhiteElo "1881"]
[BlackElo "1709"]
[Opening "Queen's pawn: Torre attack"]
[ECO "A46"]
[Time "09:23:13"]
[TimeControl "2700+45"]

1. d4 Nf6 2. Nf3 e6 3. Bg5 Be7 4. Nbd2 b6 5. e4 Bb7 6. Bd3 d5 7. e5 Ne4 8. Bxe7
Qxe7 9. c3 O-O 10. O-O Nd7 11. Qe2 f5 12. exf6 Ndxf6 13. Ne5 Nxd2 14. Qxd2 Nd7
15. Rae1 Rae8 16. Re3 Nxe5 17. Rxe5 Rf6 18. Rh5 g6 19. Re5 Qf7 20. Qe2 c6 21. h4
Bc8 22. h5 Kg7 23. g4 Rf8 24. c4 Bd7 25. cxd5 cxd5 26. hxg6 hxg6 27. Rg5 Rh8 28.
Qe5 Rh6 29. f4 Kf8 30. Qb8+ Be8 31. Bb5 Qe7 32. Rc1 Rf7 33. Rc8 Rfh7 34. Rxe8+
Kf7 35. Rxe7+ Kxe7 36. Qc7+ Kf6 37. Qd8+ Kf7 38. Qe8+ Kg7 39. Qe7+ Kg8 40. Qxe6+
Kg7 41. Qe5+ Kf8 42. Qf6+ Kg8 43. Rxg6+ {Black resigns} 1-0

[Event "Team 45 45 League T89"]
[Site "Internet Chess Club"]
[Date "2021.08.04"]
[Round "5"]
[White "MathMonkey"]
[Black "CPTsopiens"]
[Result "1-0"]
[WhiteElo "1642"]
[BlackElo "1719"]
[Opening "Ruy Lopez: 5.O-O"]
[ECO "C78"]
[Time "17:15:19"]
[TimeControl "2700+45"]

1. e4 e5 2. Nf3 Nc6 3. Bb5 a6 4. Ba4 Nf6 5. O-O b5 6. Bb3 Bc5 7. c3 d6 8. a4 Rb8
9. d4 Bb6 10. a5 Ba7 11. Be3 Bg4 12. dxe5 Bxe3 13. exf6 Bh6 14. fxg7 Bxg7 15.
Bxf7+ Kd7 16. Bd5 Ne5 17. Nxe5+ Bxe5 18. Qxg4+ Ke8 19. Qh5+ Kd7 20. Qf5+ {Black
resigns} 1-0

[Event "Team 45 45 League T89"]
[Site "Internet Chess Club"]
[Date "2021.08.08"]
[Round "5"]
[White "Beetlejuice"]
[Black "Demachaeron"]
[Result "0-1"]
[WhiteElo "1706"]
[BlackElo "1734"]
[Opening "QGD Slav: 4.e3"]
[ECO "D11"]
[Time "14:01:14"]
[TimeControl "2700+45"]

1. d4 d5 2. c4 c6 3. Nf3 Nf6 4. e3 e6 5. b3 Be7 6. Bd3 Nbd7 7. O-O a6 8. Ba3
Bxa3 9. Nxa3 O-O 10. Nc2 Re8 11. Ne5 Nxe5 12. dxe5 Nd7 13. f4 dxc4 14. Bxc4 b5
15. Bd3 g6 16. Be4 Bb7 17. Qf3 Nc5 18. Rfd1 Qc7 19. Bd3 Nxd3 20. Rxd3 c5 21. Qe2
Be4 22. Rd2 Red8 23. Ne1 Rxd2 24. Qxd2 Rd8 25. Qe2 Qd7 26. Rc1 Qd2 27. Qxd2 Rxd2
28. Rxc5 Rxa2 29. Rc8+ Kg7 30. Rd8 Rb2 31. Rd6 Rxb3 32. Rxa6 Rxe3 33. Kf2 Rb3
34. Rb6 Rb2+ 35. Ke3 Bxg2 36. Nxg2 Rxg2 37. Rxb5 Rxh2 38. Rb7 h5 39. Kf3 Rc2 40.
Kg3 Rc4 41. Ra7 Rd4 42. Rb7 Kf8 43. Ra7 Ke8 44. Ra8+ Ke7 45. Ra7+ Rd7 46. Ra4 f6
47. Kh4 fxe5 48. fxe5 Rd5 49. Re4 Kf7 50. Kg5 Kg7 51. Kf4 Kh6 {White resigns}
0-1

[Event "Team 45 45 League T89"]
[Site "Internet Chess Club"]
[Date "2021.08.06"]
[Round "5"]
[White "Kingsacrificed"]
[Black "Kingfisher75"]
[Result "1-0"]
[WhiteElo "1487"]
[BlackElo "1571"]
[Opening "Queen's pawn game, Darooha variation "]
[ECO "D02"]
[Time "14:00:44"]
[TimeControl "2700+45"]

1. d4 d5 2. Nf3 Nf6 3. Nc3 Bf5 4. Bf4 c6 5. e3 e6 6. Bd3 Ne4 7. Bxe4 Bxe4 8.
Nxe4 dxe4 9. Nd2 Qd5 10. c4 Qa5 11. O-O f5 12. Nb3 Qd8 13. Qh5+ g6 14. Qh3 Bg7
15. Nc5 Qe7 16. Qg3 O-O 17. Bd6 f4 18. Bxe7 fxg3 19. Bxf8 gxh2+ 20. Kxh2 Bxf8
21. Nxe6 Bd6+ 22. g3 Nd7 23. c5 Be7 24. b4 Kf7 25. Nf4 Re8 26. a4 Kg7 27. b5 Nb8
28. Ne2 b6 29. cxb6 axb6 30. Rfc1 c5 31. dxc5 Bxc5 32. a5 Rf8 33. Kg2 Nd7 34. a6
Ra8 35. Nf4 Kf6 36. Rd1 Ra7 37. Rxd7 {Black resigns} 1-0

[Event "Team 45 45 League T89"]
[Site "Internet Chess Club"]
[Date "2021.08.08"]
[Round "5"]
[White "elmaestro"]
[Black "Packerfan"]
[Result "0-1"]
[WhiteElo "1612"]
[BlackElo "1815"]
[Opening "KGD: Nimzovich counter-gambit"]
[ECO "C31"]
[Time "14:00:32"]
[TimeControl "2700+45"]

1. e4 e5 2. f4 d5 3. exd5 c6 4. Nf3 e4 5. Ne5 cxd5 6. Bb5+ Nd7 7. Nc3 Nf6 8. d4
Be7 9. g4 O-O 10. g5 Nxe5 11. dxe5 Bg4 12. Be2 Bxe2 13. Qxe2 Ne8 14. Be3 Qa5 15.
O-O Rd8 16. Rad1 Bc5 17. Nxe4 Bxe3+ 18. Qxe3 dxe4 19. Rxd8 Qxd8 20. Qxe4 Qb6+
21. Rf2 Qxb2 22. c4 Qa1+ 23. Kg2 b6 24. h4 Qd1 25. f5 Nc7 26. Qf4 Rd8 27. e6 Qd6
28. exf7+ Kxf7 29. g6+ hxg6 30. fxg6+ Kxg6 31. h5+ Kh7 32. Qf5+ Kh8 33. Rf3 Re8
34. Qf7 Re2+ 35. Kf1 Qd1# {White checkmated} 0-1

[Event "Team 45 45 League T89"]
[Site "Internet Chess Club"]
[Date "2021.08.05"]
[Round "5"]
[White "Boxermam"]
[Black "Rookmaster"]
[Result "1-0"]
[WhiteElo "1720"]
[BlackElo "1517"]
[Opening "Sicilian: closed"]
[ECO "B23"]
[Time "10:00:50"]
[TimeControl "2700+45"]

1. e4 c5 2. Nc3 d6 3. f4 Nc6 4. Nf3 Bg4 5. Bb5 e6 6. Bxc6+ bxc6 7. O-O Be7 8. d3
Nf6 9. b3 Nd7 10. h3 Bxf3 11. Rxf3 O-O 12. Qe1 d5 13. e5 Re8 14. Ba3 Qa5 15. Na4
Qxe1+ 16. Rxe1 Bf8 17. Rfe3 g6 18. g4 h6 19. R3e2 Rab8 20. c3 Kg7 21. c4 d4 22.
Bc1 Nb6 23. Nb2 Be7 24. Nd1 Nd7 25. Nf2 Bh4 26. Kg2 Bxf2 27. Kxf2 a5 28. Kf3 a4
29. Rb2 axb3 30. axb3 Ra8 31. Bd2 Ra3 32. Ke4 Rea8 33. b4 f5+ 34. exf6+ Nxf6+
35. Ke5 Rxd3 36. bxc5 Rd8 37. Ba5 Rd7 38. Kxe6 Ra7 39. Bd8 Nd7 40. Kd6 Re3 41.
Rxe3 dxe3 42. Bb6 Nxb6 43. cxb6 Rf7 44. b7 e2 45. Rxe2 Rxb7 46. Re7+ Rxe7 47.
Kxe7 c5 48. f5 {Black resigns} 1-0

[Event "Team 45 45 League T89"]
[Site "Internet Chess Club"]
[Date "2021.08.06"]
[Round "5"]
[White "Mitochondria"]
[Black "GrandUnified"]
[Result "1-0"]
[WhiteElo "1529"]
[BlackElo "1562"]
[Opening "QGD semi-Slav"]
[ECO "D43"]
[Time "21:01:56"]
[TimeControl "2700+45"]

1. d4 d5 2. c4 e6 3. Nc3 c6 4. Nf3 Nf6 5. Bg5 Be7 6. e3 h6 7. Bh4 Nbd7 8. Bd3
dxc4 9. Bxc4 b5 10. Bd3 Bb7 11. e4 a6 12. O-O O-O 13. Re1 Rc8 14. Rc1 c5 15.
dxc5 Nxc5 16. Bb1 Nh7 17. Bxe7 Qxe7 18. a3 Rfd8 19. Qe2 g5 20. h3 Nb3 21. Rcd1
Qf6 22. Nh2 Kg7 23. e5 Qf4 24. Bxh7 Kxh7 25. Qc2+ Kg7 26. Qxb3 h5 27. Qb4 Rxd1
28. Rxd1 Rc4 29. Qe7 Bd5 30. Nxd5 exd5 31. Qf6+ Qxf6 32. exf6+ Kxf6 33. Rxd5
Rc1+ 34. Nf1 Rb1 35. Rd6+ Ke5 36. Rxa6 Rxb2 37. Ne3 f5 38. Ra5 Rb3 39. a4 f4 40.
Nc4+ Kd4 41. Nd2 Ra3 42. Rxb5 g4 43. Rxh5 g3 44. fxg3 fxg3 45. Nf1 Ke4 46. Rg5
Kf4 47. Rxg3 {Black resigns} 1-0

[Event "Team 45 45 League T89"]
[Site "Internet Chess Club"]
[Date "2021.08.08"]
[Round "5"]
[White "ivanson"]
[Black "Kingofknights"]
[Result "1-0"]
[WhiteElo "1587"]
[BlackElo "1499"]
[Opening "Caro-Kann: Steinitz variation"]
[ECO "B17"]
[Time "14:00:29"]
[TimeControl "2700+45"]

1. e4 c6 2. d4 d5 3. Nc3 dxe4 4. Nxe4 Nd7 5. Ng5 Ngf6 6. Bd3 e5 7. Bc4 Nd5 8.
N1f3 exd4 9. Nxd4 h6 10. Ne4 N7f6 11. Nxf6+ Qxf6 12. Bxd5 cxd5 13. Be3 Bd7 14.
O-O Bd6 15. Re1 O-O 16. c3 Qg6 17. Qf3 Bg4 18. Qxd5 Rac8 19. Qb5 Rc5 20. Qf1 Rh5
21. f4 Re8 22. Bd2 Rd8 23. Kh1 Bc5 24. Be3 Qe4 25. Bg1 Qd5 26. Ne2 Rd6 27. Ng3
Rh3 28. Bxc5 Qxc5 29. gxh3 Qc6+ 30. Kg1 Qc5+ 31. Qf2 Qxf2+ 32. Kxf2 Bxh3 {Black
resigns} 1-0

[Event "Team 45 45 League T89"]
[Site "Internet Chess Club"]
[Date "2021.08.05"]
[Round "5"]
[White "Ajolote"]
[Black "MathMonkey"]
[Result "1-0"]
[WhiteElo "1942"]
[BlackElo "1657"]
[Opening "Ruy Lopez: 5.O-O"]
[ECO "C78"]
[Time "21:01:21"]
[TimeControl "2700+45"]

1. e4 e5 2. Nf3 Nc6 3. Bb5 a6 4. Ba4 Nf6 5. O-O b5 6. Bb3 Bc5 7. a4 Rb8 8. c3 d6
9. d4 Bb6 10. a5 Ba7 11. h3 O-O 12. Be3 exd4 13. cxd4 h6 14. Nbd2 Re8 15. Qc2
Ne7 16. Rfe1 Ng6 17. e5 dxe5 18. Qxg6 Be6 19. Qc2 exd4 20. Bf4 Bxb3 21. Nxb3 Rc8
22. Rxe8+ Nxe8 23. Nc5 Qf6 24. Be5 Qc6 25. Bxd4 b4 26. Qc4 Rd8 27. Rc1 Bxc5 28.
Qxc5 Qa4 29. Ne5 Nd6 30. Be3 Qb3 31. Qxc7 Re8 32. Qxd6 Qxb2 33. Nd3 Qa3 34. Nxb4
Qxa5 35. Nxa6 Re6 36. Qb8+ Kh7 37. Nc5 Rg6 38. Qf4 Qa8 39. Qe4 Qxe4 40. Nxe4 Re6
41. Nc5 Rg6 42. f3 Rd6 43. Kf2 Kg6 44. Ne4 Ra6 45. Rd1 Ra2+ 46. Rd2 Ra5 47. g4
Kh7 48. Nd6 f6 49. Nf5 g5 50. Rd7+ Kh8 51. Bd4 Ra2+ 52. Kg3 Ra6 53. Nd6 Ra8 54.
Bxf6+ Kg8 55. Rg7+ Kf8 56. Rh7 Ra6 57. Rh8# {Black checkmated} 1-0

[Event "Team 45 45 League T89"]
[Site "Internet Chess Club"]
[Date "2021.08.16"]
[Round "5"]
[White "DeepPoo"]
[Black "KidRattler"]
[Result "1-0"]
[WhiteElo "1719"]
[BlackElo "1680"]
[Opening "Trompowsky attack (Ruth, Opocenský opening)"]
[ECO "A45"]
[Time "14:10:26"]
[TimeControl "2700+45"]

1. d4 Nf6 2. Bg5 e6 3. e4 Be7 4. e5 Nd5 5. Bxe7 Qxe7 6. c3 d6 7. c4 Nf4 8. Qg4
Ng6 9. exd6 Qxd6 10. Nc3 e5 11. Qxc8+ Ke7 12. Qxb7 exd4 13. Nd5+ Kd7 14. Qxa8
Re8+ 15. Be2 d3 16. O-O-O dxe2 17. Nxe2 Rxe2 18. Nb6+ axb6 19. Rxd6+ cxd6 {Black
resigns} 1-0

[Event "Team 45 45 League T89"]
[Site "Internet Chess Club"]
[Date "2021.08.05"]
[Round "5"]
[White "hipopotamos"]
[Black "GrandUnified"]
[Result "1-0"]
[WhiteElo "1703"]
[BlackElo "1581"]
[Opening "Sicilian: Sozin, not Scheveningen"]
[ECO "B57"]
[Time "21:00:31"]
[TimeControl "2700+45"]

1. e4 c5 2. Nf3 Nc6 3. d4 cxd4 4. Nxd4 d6 5. Nc3 Nf6 6. Bc4 Bd7 7. O-O e6 8. Bg5
a6 9. Kh1 Be7 10. f4 h6 11. Bh4 O-O 12. f5 b5 13. fxe6 bxc4 14. exd7 Nxd4 15.
Qxd4 Qxd7 16. Qxc4 Qg4 17. Bxf6 Bxf6 18. Rae1 Be5 19. Re3 Kh8 20. h3 Qg6 21. Nd5
f5 22. Nb6 Ra7 23. exf5 Qg5 24. Ref3 Bxb2 25. Qb4 Qf6 26. Nc4 Be5 27. Qb6 Raa8
28. Ra3 d5 29. Qxf6 Bxf6 30. Nb6 Ra7 31. Nxd5 Bg5 32. g4 Rd8 33. c4 Rc8 34. Ra4
Rb8 35. Nb4 Rab7 36. Nxa6 Re8 37. Nc5 Rb2 38. Ne6 Re7 39. Ra8+ Kh7 40. Nf8+ Kg8
41. Ng6+ Kf7 42. Rf8# {Black checkmated} 1-0

[Event "Team 45 45 League T89"]
[Site "Internet Chess Club"]
[Date "2021.08.07"]
[Round "5"]
[White "Sloggi"]
[Black "janh"]
[Result "1/2-1/2"]
[WhiteElo "1923"]
[BlackElo "1952"]
[Opening "QGD: Chigorin defense"]
[ECO "D07"]
[Time "22:41:09"]
[TimeControl "2700+45"]

1. d4 d5 2. c4 Nc6 3. Nf3 Bg4 4. Nc3 e6 5. e3 Nf6 6. cxd5 exd5 7. Bb5 Bd6 8. h3
Bxf3 9. Qxf3 O-O 10. Bd2 Ne7 11. O-O c6 12. Bd3 Re8 13. Rfe1 Rc8 14. Rad1 Bb8
15. Bc1 Qd6 16. g3 Ng6 17. h4 Re7 18. h5 Nf8 {Game drawn by mutual agreement}
1/2-1/2

[Event "Team 45 45 League T89"]
[Site "Internet Chess Club"]
[Date "2021.08.06"]
[Round "5"]
[White "achessman"]
[Black "Tufnell"]
[Result "0-1"]
[WhiteElo "1850"]
[BlackElo "1917"]
[Opening "Réti opening"]
[ECO "A30"]
[Time "14:06:42"]
[TimeControl "2700+45"]

1. Nf3 c5 2. c4 g6 3. d4 cxd4 4. Nxd4 Bg7 5. g3 Nc6 6. Nc2 Nf6 7. Bg2 O-O 8. O-O
d6 9. e4 Be6 10. Qe2 Rc8 11. b3 Ne8 12. Nd2 Bxa1 13. Nxa1 Qa5 14. Nf3 a6 15. Qb2
Nf6 16. Nc2 b5 17. Nfd4 Bd7 18. Bd2 Qxd2 {White resigns} 0-1

[Event "Team 45 45 League T89"]
[Site "Internet Chess Club"]
[Date "2021.08.06"]
[Round "5"]
[White "room-matt"]
[Black "primerpaso"]
[Result "0-1"]
[WhiteElo "1800"]
[BlackElo "1901"]
[Opening "Sicilian: Najdorf, 7...Be7 main line"]
[ECO "B99"]
[Time "14:02:25"]
[TimeControl "2700+45"]

1. e4 c5 2. Nf3 d6 3. d4 cxd4 4. Nxd4 Nf6 5. Nc3 a6 6. Bg5 e6 7. f4 Be7 8. Qf3
Qc7 9. O-O-O Nbd7 10. Bd3 Nc5 11. Be2 b5 12. Rhe1 Bb7 13. Bd3 b4 14. Nb1 Qa5 15.
a3 Rc8 16. g3 e5 17. fxe5 dxe5 18. Bxa6 Qxa6 19. Nf5 Qc4 20. Nc3 bxc3 21. Nxg7+
Kf8 22. Bxf6 cxb2+ 23. Kb1 Nxe4 24. Bxe7+ Kxe7 25. Nf5+ Kf8 26. Qb3 Nc3+ 27.
Kxb2 Nxd1+ 28. Rxd1 Qxb3+ 29. cxb3 Be4 30. Ne3 Ke7 31. Nc4 f6 32. Re1 Bd3 33.
Ne3 Rhd8 34. b4 Bb5 35. h3 Ba4 36. Re2 Rd3 37. g4 Rb3+ 38. Ka2 Ke6 39. h4 Bb5
40. Re1 Rd3 41. Nf5 Rc2+ 42. Kb1 Rh2 43. Ng7+ Kf7 44. Nf5 Rb3+ 45. Kc1 Rc3+ 46.
Kb1 Bd3+ {White resigns} 0-1

[Event "Team 45 45 League T89"]
[Site "Internet Chess Club"]
[Date "2021.08.09"]
[Round "5"]
[White "VictorRed"]
[Black "fhunfi"]
[Result "0-1"]
[WhiteElo "1631"]
[BlackElo "1803"]
[Opening "English opening"]
[ECO "A20"]
[Time "10:00:40"]
[TimeControl "2700+45"]

1. c4 e5 2. g3 Nc6 3. Bg2 f5 4. d3 Nf6 5. Nc3 Bb4 6. Qb3 Nd4 7. Qd1 c6 8. e3 Ne6
9. Ne2 O-O 10. Qb3 Be7 11. d4 e4 12. O-O d5 13. Rd1 Nc7 14. cxd5 Ncxd5 15. Nxd5
cxd5 16. Bd2 b6 17. Bb4 Bxb4 18. Qxb4 Qd7 19. Rac1 Ba6 20. Rc2 Bxe2 21. Rxe2
Rac8 22. Ree1 Rc4 23. Qd2 Rfc8 24. Rc1 Qc7 25. Rxc4 Qxc4 26. b3 Qc3 27. Qxc3
Rxc3 28. h3 Kf7 29. Rb1 Ke6 30. Kf1 Ne8 31. Rb2 Nd6 32. Ke2 Rc1 33. a3 g5 34. a4
f4 35. gxf4 gxf4 36. exf4 Nf5 37. f3 Nxd4+ 38. Ke3 Nf5+ 39. Kf2 e3+ 40. Ke2 Rg1
41. Kd3 Nh4 42. Kxe3 Rxg2 43. Rb1 Nf5+ 44. Kd3 Rf2 45. Re1+ Kf6 46. Re5 Rxf3+
47. Kc2 Rxh3 48. Rxd5 {White resigns} 0-1

[Event "Team 45 45 League T89"]
[Site "Internet Chess Club"]
[Date "2021.08.05"]
[Round "5"]
[White "jaboti"]
[Black "liujf"]
[Result "1-0"]
[WhiteElo "1654"]
[BlackElo "1577"]
[Opening "QGD Slav: Czech defense"]
[ECO "D17"]
[Time "16:01:23"]
[TimeControl "2700+45"]

1. Nf3 d5 2. d4 Nf6 3. c4 c6 4. Nc3 dxc4 5. a4 Bf5 6. Nh4 Bg6 7. Nxg6 hxg6 8. e4
e6 9. Bxc4 Bb4 10. Qd3 Nbd7 11. O-O Qc7 12. e5 Nd5 13. Bd2 N7b6 14. Ba2 O-O-O
15. Rac1 Bxc3 16. bxc3 Nxa4 17. Rc2 Rh4 18. Bg5 Rh5 19. Bxd8 Qxd8 20. Bxd5 exd5
21. Ra2 b5 22. Rb1 Qd7 23. Rxa4 Kd8 24. Ra6 Kc8 25. Rba1 Kb8 26. Rxa7 Qxa7 27.
Rxa7 Kxa7 28. e6 fxe6 29. Qxg6 Rh4 30. Qxg7+ Ka6 31. f3 Ka5 32. Qa7# {Black
checkmated} 1-0

[Event "Team 45 45 League T89"]
[Site "Internet Chess Club"]
[Date "2021.08.05"]
[Round "5"]
[White "Kingfisher75"]
[Black "gduranko"]
[Result "1-0"]
[WhiteElo "1593"]
[BlackElo "1393"]
[Opening "Sicilian: Hungarian variation"]
[ECO "B27"]
[Time "17:00:46"]
[TimeControl "2700+45"]

1. e4 c5 2. Nf3 g6 3. c3 Bg7 4. d4 cxd4 5. cxd4 d5 6. e5 f6 7. Bb5+ Nc6 8. Bxc6+
bxc6 9. Qa4 Qd7 10. Bf4 Nh6 11. O-O O-O 12. Re1 Qc7 13. exf6 Qxf4 14. fxe7 Re8
15. Qxc6 Bg4 16. Qxd5+ Kh8 17. Nbd2 Bf6 18. Rac1 Bxe7 19. Rxe7 Bxf3 20. Qxf3
Qxd4 21. Rcc7 Qxb2 22. Rxh7+ Kg8 23. Rcg7+ Qxg7 24. Rxg7+ Kxg7 25. Ne4 Re6 26.
Qc3+ Kg8 27. Qc4 Rd8 28. Qxe6+ {Black resigns} 1-0

[Event "Team 45 45 League T89"]
[Site "Internet Chess Club"]
[Date "2021.08.06"]
[Round "5"]
[White "RD1974"]
[Black "cayo89"]
[Result "1/2-1/2"]
[WhiteElo "1532"]
[BlackElo "1532"]
[Opening "Philidor: Hanham, Krause variation"]
[ECO "C41"]
[Time "18:03:24"]
[TimeControl "2700+45"]

1. e4 d6 2. Nf3 e5 3. d4 Nd7 4. Bc4 c6 5. O-O Be7 6. Nc3 Ngf6 7. Ng5 O-O 8. f4
h6 9. Nf3 exd4 10. Nxd4 Re8 11. Nf5 Nc5 12. Ng3 Bg4 13. Qe1 d5 14. Be2 Bxe2 15.
Qxe2 dxe4 16. Be3 Bf8 17. Rad1 Qc7 18. Kh1 a5 19. Rd4 Rad8 20. f5 Rxd4 21. Bxd4
Ncd7 22. Ncxe4 Nxe4 23. Nxe4 c5 24. Bc3 b5 25. b3 b4 26. Bb2 Qc6 27. Re1 Rb8 28.
Qc4 {Game drawn by mutual agreement} 1/2-1/2

[Event "Team 45 45 League T89"]
[Site "Internet Chess Club"]
[Date "2021.08.06"]
[Round "5"]
[White "Pawnchain"]
[Black "WillC"]
[Result "0-1"]
[WhiteElo "1233"]
[BlackElo "1483"]
[Opening "Queen's pawn: London system"]
[ECO "A45"]
[Time "15:09:21"]
[TimeControl "2700+45"]

1. d4 Nf6 2. Bf4 g6 3. e3 Bg7 4. Nd2 d6 5. Bd3 b6 6. Qf3 c6 7. Ne2 Bb7 8. e4 c5
9. d5 O-O 10. c4 Nbd7 11. Rb1 Nh5 12. O-O Nxf4 13. Nxf4 Ne5 14. Qe2 Bh6 15. Nh3
Bc8 16. f4 Nxd3 17. Qxd3 Bg7 18. Ng5 h6 19. Ngf3 e6 20. b3 exd5 21. cxd5 a5 22.
Qc2 Re8 23. Rfe1 f5 24. e5 dxe5 25. Nxe5 Bxe5 26. fxe5 Qxd5 27. Qc4 Be6 28. Qe2
Rad8 29. Nf3 Qc6 30. Qf2 Rd5 31. Rbd1 Red8 32. Rxd5 Qxd5 33. Nh4 Kh7 34. Qg3 g5
35. Nf3 f4 36. Nxg5+ hxg5 37. Qxg5 Rg8 38. Qh5+ Kg7 39. Qg5+ Kf7 40. Qf6+ Ke8
41. Qxf4 Qd4+ 42. Kh1 Qxf4 43. Rf1 Qxf1# {White checkmated} 0-1

[Event "Team 45 45 League T89"]
[Site "Internet Chess Club"]
[Date "2021.08.07"]
[Round "5"]
[White "vollmerj"]
[Black "andrew37"]
[Result "0-1"]
[WhiteElo "1467"]
[BlackElo "1611"]
[Opening "Réti: King's Indian attack (Barcza system)"]
[ECO "A07"]
[Time "16:01:48"]
[TimeControl "2700+45"]

1. Nf3 d5 2. g3 Nf6 3. Bg2 e6 4. O-O Be7 5. d3 O-O 6. b3 c5 7. Bb2 Nc6 8. Nbd2
d4 9. c3 e5 10. cxd4 exd4 11. Nc4 Qc7 12. e3 b5 13. Ncd2 dxe3 14. fxe3 Ng4 15.
Qe2 Bf6 16. Bxf6 Nxf6 17. Rac1 Qb6 18. Kh1 Bb7 19. Rc2 Nb4 20. Rb2 Rad8 21. d4
cxd4 22. Nxd4 Bxg2+ 23. Qxg2 Rfe8 24. Qf3 Nbd5 25. Nf5 Qe6 26. e4 Nxe4 27. Nxe4
Qxe4 28. Rbf2 Qxf3+ 29. Rxf3 Re2 30. a4 bxa4 31. bxa4 f6 32. Rd3 Re5 33. g4 Rde8
34. Rfd1 Nb6 35. a5 Rxa5 36. Rd8 Rxd8 37. Rxd8+ Kf7 38. Rb8 Rd5 39. Rb7+ Rd7 40.
Rb8 g6 41. Ne3 Re7 42. Ng2 Nd7 43. Rb1 Ne5 44. h3 Nf3 45. Rf1 Ng5 46. Kh2 Re3
47. Nf4 Rf3 48. Rxf3 Nxf3+ 49. Kg3 Ne5 50. Nd5 Ke6 51. Nc7+ Kd7 52. Na6 Kc6 53.
Kf4 Kb6 54. Nb4 Nd7 55. Ke4 Kb5 56. Nc2 a5 57. Kd5 Nc5 58. Na3+ Kb4 59. Nc4 Nd3
60. Nb6 Nf4+ 61. Kd6 Nxh3 62. Ke6 a4 63. Nxa4 Kxa4 64. Kxf6 Kb5 65. Kg7 Ng5 66.
Kh6 Nf7+ 67. Kxh7 Ne5 68. Kg7 Kc5 69. Kf6 Kd5 70. g5 Kd6 71. Kg7 Ke6 72. Kh6 Kf5
73. Kh7 Kxg5 74. Kg7 Kh5 75. Kh7 g5 76. Kg7 g4 77. Kf6 Nf3 78. Kf5 g3 79. Kf4 g2
80. Kxf3 g1=Q 81. Kf4 {White resigns} 0-1

[Event "Team 45 45 League T89"]
[Site "Internet Chess Club"]
[Date "2021.08.05"]
[Round "5"]
[White "MartyJR"]
[Black "Validus"]
[Result "1/2-1/2"]
[WhiteElo "1573"]
[BlackElo "1407"]
[Opening "QGD: Marshall defense"]
[ECO "D06"]
[Time "14:13:53"]
[TimeControl "2700+45"]

1. d4 d5 2. c4 Nf6 3. Nc3 c6 4. e3 Bf5 5. Qb3 Qb6 6. cxd5 Qxb3 7. axb3 cxd5 8.
Nb5 Kd7 9. Nf3 Nc6 10. Bd2 e6 11. Ne5+ Nxe5 12. dxe5 Ne4 13. Nc3 Nxd2 14. Kxd2
Bb4 15. Bb5+ Ke7 16. Rhc1 Rhc8 17. Kd1 a6 18. Be2 b5 19. Na2 Ba5 20. b4 Bb6 21.
Bf3 f6 22. exf6+ gxf6 23. g4 Bg6 24. Ke2 Rc4 25. Rxc4 bxc4 26. Nc3 Be8 27. Bxd5
Rc8 28. Bf3 Bc7 29. h3 Bd6 30. Rxa6 Bxb4 31. Ra7+ Kf8 32. Rb7 Be7 33. Rb6 Bf7
34. Nb5 e5 35. Nd6 Bxd6 36. Rxd6 Ke7 37. Rb6 c3 38. bxc3 Rxc3 39. Kd2 Rc5 40.
Be4 h6 41. f4 exf4 42. exf4 h5 43. Kd3 hxg4 44. hxg4 Ba2 45. Ke3 Rc3+ 46. Kf2
Bg8 47. Rb2 Ra3 48. Re2 Kf8 49. Bf5 Bf7 50. Re3 Ra2+ 51. Re2 Ra3 52. Re3 Ra2+
{Game drawn by mutual agreement} 1/2-1/2

[Event "Team 45 45 League T89"]
[Site "Internet Chess Club"]
[Date "2021.08.07"]
[Round "5"]
[White "Kidpython"]
[Black "goldeen7"]
[Result "0-1"]
[WhiteElo "1102"]
[BlackElo "1447"]
[Opening "Sicilian: closed"]
[ECO "B23"]
[Time "09:31:44"]
[TimeControl "2700+45"]

1. e4 c5 2. Nc3 d6 3. Nf3 Nf6 4. Bc4 e6 5. d3 Be7 6. O-O O-O 7. Be3 Ng4 8. Qe2
Nxe3 9. Qxe3 Nc6 10. e5 d5 11. Bb3 d4 12. Qd2 dxc3 13. Qxc3 Bd7 14. Rfd1 Qc7 15.
Re1 Rfd8 16. Rad1 b5 17. a3 Rab8 18. d4 b4 19. axb4 cxd4 20. Nxd4 Bxb4 21. Qh3
Bxe1 22. Rxe1 Nxd4 23. Re3 Rxb3 24. Rxb3 Qxc2 25. Qd3 Qc1+ 26. Qf1 Ne2+ 27. Kh1
Qxf1# {White checkmated} 0-1